[Event "Late-Titled-Tuesday-Blitz-February-20-2024"]
[Site "Chess.com"]
[Date "2024.02.20"]
[Round "5"]
[White "NLLO777"]
[Black "slavenok"]
[Result "0-1"]
[WhiteElo "2517"]
[BlackElo "2756"]
[TimeControl "180+1"]
[EndTime "14:52:46 PST"]
[Termination "slavenok won by resignation"]

1. Nf3 Nf6 2. g3 e6 3. Bg2 d5 4. O-O Be7 5. b3 O-O 6. Bb2 b6 7. c4 Bb7 8. cxd5 Bxd5 9. d3 Bb7 10. Nc3 Nbd7 11. Rc1 c5 12. a3 Rc8 13. Qc2 h6 14.
Rfd1 Nd5 15. Qb1 Nxc3 16. Bxc3 Bf6 17. Qb2 Bxc3 18. Qxc3 Nf6 19. b4 Nd7 20. b5 Qc7 21. Nd2 Bxg2 22. Kxg2 Rfd8 23. Nc4 Nf6 24. Qe5 Qb7+ 25.
Kg1 Rd4 26. Nd6 Qc7 27. Qxd4 cxd4 28. Rxc7 Rxc7 29. Nc4 Nd5 30. Rd2 Nc3 31. Rb2 Rc5 32.
Nd6 Rd5 33. Nc8 Rxb5 34. Rc2 Rc5 35. Nxa7 Rc7 0-1

[Event "Late-Titled-Tuesday-Blitz-February-20-2024"]
[Site "Chess.com"]
[Date "2024.02.20"]
[Round "5"]
[White "TokChess"]
[Black "Korchmar_Vasiliy"]
[Result "0-1"]
[WhiteElo "2558"]
[BlackElo "2762"]
[TimeControl "180+1"]
[EndTime "14:52:47 PST"]
[Termination "Korchmar_Vasiliy won by resignation"]

1. e4 e6 2. d4 a6 3. Nd2 Ne7 4. Ngf3 d5 5. Bd3 Ng6 6. exd5 exd5 7. O-O Bd6 8. Re1+ Be6 9. Nf1 O-O 10. Ng5 Nd7 11.
Ng3 c5 12. Nxe6 fxe6 13. Rxe6 Nf6 14. Bxg6 hxg6 15. dxc5 Bxc5 16. Be3 Qc8 17. Bxc5 Qxe6 18. Bxf8 Rxf8 19. Qd3 Ng4 20. f3 Qb6+ 0-1

[Event "Late-Titled-Tuesday-Blitz-February-20-2024"]
[Site "Chess.com"]
[Date "2024.02.20"]
[Round "5"]
[White "Happy1712Drummer"]
[Black "kibromNNN"]
[Result "1-0"]
[WhiteElo "2348"]
[BlackElo "1737"]
[TimeControl "180+1"]
[EndTime "14:52:51 PST"]
[Termination "Happy1712Drummer won by resignation"]

1. Nf3 Nf6 2. d4 e6 3. c4 d5 4.
Nc3 dxc4 5. Bg5 Bb4 6. e4 c5 7. Bxc4 cxd4 8. Nxd4 Bxc3+ 9. bxc3 Qa5 10. Bxf6 Qxc3+ 11. Kf1 gxf6 12. Kg1 a6 13. Rc1 Qb4 14. Bxe6 Bxe6 15.
Nxe6 Nc6 16. Nc7+ Ke7 17. Nd5+ 1-0

[Event "Late-Titled-Tuesday-Blitz-February-20-2024"]
[Site "Chess.com"]
[Date "2024.02.20"]
[Round "5"]
[White "CFalcons8"]
[Black "maxip32"]
[Result "0-1"]
[WhiteElo "2422"]
[BlackElo "2648"]
[TimeControl "180+1"]
[EndTime "14:52:52 PST"]
[Termination "maxip32 won by resignation"]

1. c4 Nf6 2. Nf3 e6 3. d4 d5 4.
g3 Bb4+ 5. Bd2 Be7 6. Bg2 O-O 7. O-O Nbd7 8. Qc2 c6 9. Rd1 Ne4 10. Bf4 g5 11. Be3 f5 12. Bc1 Bf6 13. Nc3 Nd6 14.
cxd5 exd5 15. b3 Ne4 16. Ba3 Re8 17. Bh3 Nf8 18. Bg2 Ne6 19. e3 f4 20. Nxe4 dxe4 21. Qxe4 fxe3 22. Qxe3 Nf4 23. Qd2 Nxg2 24. Kxg2 Bf5 25. Ne5 Qc8 26. Re1 Qe6 27. Qe3 Rad8 28. Rad1 Bh3+ 29. Kg1 Qd5 30. Qf3 Rxe5 31. Qxd5+ Rexd5 32. Be7 Bxe7 33. Rxe7 Rxd4 0-1

[Event "Late-Titled-Tuesday-Blitz-February-20-2024"]
[Site "Chess.com"]
[Date "2024.02.20"]
[Round "5"]
[White "Godzillator"]
[Black "OPQRC"]
[Result "1/2-1/2"]
[WhiteElo "2327"]
[BlackElo "2509"]
[TimeControl "180+1"]
[EndTime "14:52:56 PST"]
[Termination "Game drawn by repetition"]

1. Nf3 Nf6 2. d4 g6 3. c3 Bg7 4. Bg5 O-O 5. e3 d5 6. Be2 c5 7.
O-O Nbd7 8. Nbd2 Ne4 9. Nxe4 dxe4 10. Nd2 h6 11. Bh4 g5 12. Bg3 f5 13. f4 g4 14. Bh4 Bf6 15. Bxf6 Nxf6 16. Nc4 Be6 17. Ne5 Rc8 18. Qe1 Nd7 19. Qh4 Nxe5 20. dxe5 Qd2 21. Qxh6 Kf7 22. Qh5+ Kg7 23. Qg5+ Kf7 24. Qh5+ Kg7 25.
Qg5+ Kf7 26. Qh5+ 1/2-1/2

[Event "Late-Titled-Tuesday-Blitz-February-20-2024"]
[Site "Chess.com"]
[Date "2024.02.20"]
[Round "5"]
[White "krzyzan94"]
[Black "winniethepooh04"]
[Result "1-0"]
[WhiteElo "2777"]
[BlackElo "2561"]
[TimeControl "180+1"]
[EndTime "14:53:03 PST"]
[Termination "krzyzan94 won by checkmate"]

1. e4 e6 2. d4 d5 3. Nc3 dxe4 4. Nxe4 Nd7 5. Nf3 Ngf6 6. Bd3 c5 7. O-O cxd4 8. Nxd4 Be7 9. c3 O-O 10. Re1 Ne5 11.
Bc2 Bd7 12. Qe2 Ng6 13. Be3 Bc6 14. Nxc6 bxc6 15. Nxf6+ Bxf6 16. Rad1 Qc7 17. Qc4 Rfd8 18. Be4 Rac8 19. Rxd8+ Bxd8 20. Rd1 Bf6 21. h3 Ne5 22.
Qa4 c5 23. Qa6 h5 24. b3 Rd8 25. Rxd8+ Bxd8 26. Qe2 g6 27. Qb5 Be7 28. Qe8+ Kg7 29.
g3 h4 30. Bh6+ Kf6 31. Qh8# 1-0

[Event "Late-Titled-Tuesday-Blitz-February-20-2024"]
[Site "Chess.com"]
[Date "2024.02.20"]
[Round "5"]
[White "jlf287"]
[Black "vrekhson"]
[Result "0-1"]
[WhiteElo "2509"]
[BlackElo "2353"]
[TimeControl "180+1"]
[EndTime "14:53:03 PST"]
[Termination "vrekhson won by resignation"]

1. d4 Nf6 2. c4 c5 3. d5 b5 4.
Qc2 bxc4 5. e4 d6 6. Bxc4 g6 7.
Nc3 Bg7 8. Nf3 O-O 9. h3 Ba6 10.
Nd2 Bxc4 11. Nxc4 Nbd7 12. O-O Rb8 13. b3 Nxe4 14. Qxe4 Bxc3 15. Rb1 Ne5 16. Ne3 Qc8 17. f4 Nd7 18. Qxe7 Re8 19. Qxd6 Bd4 20. Rf3 Rb6 21. Qxb6 Nxb6 22. Kh2 Bxe3 23. Bxe3 Nxd5 24. Bd2 Qc7 25. Rd1 c4 26. bxc4 Qxc4 27. Kh1 Re2 28. f5 Qc2 0-1

[Event "Late-Titled-Tuesday-Blitz-February-20-2024"]
[Site "Chess.com"]
[Date "2024.02.20"]
[Round "5"]
[White "Capablanca_Oujda_2021"]
[Black "AlexTruskavetsky"]
[Result "0-1"]
[WhiteElo "2511"]
[BlackElo "2720"]
[TimeControl "180+1"]
[EndTime "14:53:07 PST"]
[Termination "AlexTruskavetsky won by resignation"]

1. e4 c5 2. Nf3 Nc6 3. d4 cxd4 4.
Nxd4 Nf6 5. Nc3 e6 6. Be2 Bb4 7. Nxc6 bxc6 8. O-O d5 9. exd5 exd5 10. Qd4 Be7 11.
Bf4 O-O 12. Bg3 Bf5 13. Rac1 Bd6 14. Bh4 Rb8 15. Bf3 Rb4 16. Bxf6 Rxd4 17. Bxd8 Rxd8 18.
Nd1 Rb4 19. c3 Rbb8 20. h3 Bf4 21. Ra1 Re8 22. g4 Bd3 23. b4 Bxf1 24. Kxf1 Bd2 25. Be2 Re5 26. a4 Rbe8 27. Bd3 Re1+ 28. Kg2 Bxc3 29.
Rb1 Bxb4 30. Rxb4 Rxd1 31. Rb7 Rxd3 0-1

[Event "Late-Titled-Tuesday-Blitz-February-20-2024"]
[Site "Chess.com"]
[Date "2024.02.20"]
[Round "5"]
[White "Casper"]
[Black "K_A_S_T_O_R"]
[Result "0-1"]
[WhiteElo "2564"]
[BlackElo "2793"]
[TimeControl "180+1"]
[EndTime "14:53:08 PST"]
[Termination "K_A_S_T_O_R won by resignation"]

1. Nf3 c5 2. b3 d5 3. Bb2 f6 4. d4 cxd4 5. Nxd4 e5 6. Nf3 Nc6 7. e3 Be6 8. Nbd2 Qd7 9. Bb5 a6 10. Bxc6 bxc6 11. O-O Bd6 12. c4 Ne7 13. cxd5 cxd5 14.
Rc1 O-O 15. Qe2 Rfc8 16. Rxc8+ Qxc8 17. Rc1 Qb7 18. Ne1 Rc8 19. Qd1 h6 20. Rxc8+ Qxc8 21. Qc2 Qb7 22. Nd3 Qc6 23. Qc3 Kf7 24. Kf1 Qb5 25.
Ke1 Nc6 26. h4 Bf5 27. Nc1 Bb4 28. a4 Qb6 29. a5 Qb5 0-1

[Event "Late-Titled-Tuesday-Blitz-February-20-2024"]
[Site "Chess.com"]
[Date "2024.02.20"]
[Round "5"]
[White "McCarthyStone"]
[Black "ventdelest"]
[Result "1-0"]
[WhiteElo "2361"]
[BlackElo "2088"]
[TimeControl "180+1"]
[EndTime "14:53:10 PST"]
[Termination "McCarthyStone won by resignation"]

1. e4 d6 2. d4 Nf6 3. Nc3 g6 4. Be2 Bg7 5. g4 h5 6. g5 Nfd7 7. Be3 c5 8. Qd2 Nc6 9. Nf3 cxd4 10. Nxd4 Nde5 11. O-O-O Bd7 12. f4 Ng4 13. Bg1 Rc8 14.
h3 Nxd4 15. Bxd4 e5 16. Bg1 exf4 17. hxg4 Rxc3 18. bxc3 Qa5 19. Qxd6 Be6 20. Bb5+ 1-0

[Event "Late-Titled-Tuesday-Blitz-February-20-2024"]
[Site "Chess.com"]
[Date "2024.02.20"]
[Round "5"]
[White "Taran2004"]
[Black "Zavgorodniy_Sergiy"]
[Result "1/2-1/2"]
[WhiteElo "2442"]
[BlackElo "2624"]
[TimeControl "180+1"]
[EndTime "14:53:18 PST"]
[Termination "Game drawn - insufficient material"]

1. e4 c5 2. Nf3 Nc6 3. Bb5 g6 4. O-O Bg7 5. c3 Nf6 6. Re1 O-O 7. d4 cxd4 8. cxd4 d5 9. e5 Ne4 10. Nc3 Nxc3 11. bxc3 Bg4 12. h3 Bxf3 13. Qxf3 e6 14. Bxc6 bxc6 15. Ba3 Re8 16. Rab1 Rb8 17. Rxb8 Qxb8 18.
Qd3 Qb5 19. Qxb5 cxb5 20. Bc5 a6 21. a4 bxa4 22. Ra1 Bf8 23. Bxf8 Kxf8 24. Rxa4 Rc8 25.
Ra3 Rc6 26. Kf1 Ke7 27. Ke2 Kd7 28. Kd3 Kc7 29. g4 h6 30. Rb3 a5 31. f4 a4 32.
Ra3 Rc4 33. Ke3 Kb6 34. f5 gxf5 35. gxf5 Ka5 36. Kf4 Rc8 37. f6 Rb8 38. Kg4 Rb3 39. Ra1 Rxc3 40. Kh5 Rxh3+ 41. Kg4 Rd3 42. Rh1 Rxd4+ 43.
Kh5 Re4 44. Kxh6 Rxe5 45. Kg7 Rf5 46. Kxf7 e5 47. Ke6 Rf2 48. Kxe5 a3 49. Rh7 a2 50.
Ra7+ Kb4 51. Kxd5 Kb3 52. Ke6 Rf4 53. f7 Kb2 54. Rxa2+ Kxa2 55. Ke7 Re4+ 56. Kd7 Rf4 57. Ke7 Rxf7+ 58. Kxf7 1/2-1/2

[Event "Late-Titled-Tuesday-Blitz-February-20-2024"]
[Site "Chess.com"]
[Date "2024.02.20"]
[Round "5"]
[White "sharkarton"]
[Black "Sicupira"]
[Result "1-0"]
[WhiteElo "2501"]
[BlackElo "2288"]
[TimeControl "180+1"]
[EndTime "14:53:19 PST"]
[Termination "sharkarton won by resignation"]

1. b3 d5 2. Bb2 Nf6 3. Nf3 Bf5 4. d3 e6 5. Nbd2 Be7 6. h3 h6 7. g4 Bh7 8. Bg2 a5 9. a3 c5 10. O-O Nc6 11. e3 O-O 12. Qe2 Re8 13. Ne5 a4 14. f4 axb3 15. cxb3 Qb6 16. Rac1 Nxe5 17. fxe5 Nd7 18.
Kh1 Rf8 19. d4 c4 20. e4 cxb3 21. exd5 exd5 22. Bxd5 Bxa3 23. Bxa3 Rxa3 24. e6 Nf6 25. exf7+ Kh8 26. Qe7 Raa8 27. Bxb3 Qxd4 28. Nf3 Nxg4 29. Nxd4 1-0

[Event "Late-Titled-Tuesday-Blitz-February-20-2024"]
[Site "Chess.com"]
[Date "2024.02.20"]
[Round "5"]
[White "Duhless"]
[Black "platy3"]
[Result "1-0"]
[WhiteElo "3094"]
[BlackElo "2949"]
[TimeControl "180+1"]
[EndTime "14:53:21 PST"]
[Termination "Duhless won by resignation"]

1. d4 d5 2. Nf3 Nf6 3. c4 e6 4. g3 Be7 5. Bg2 O-O 6. O-O dxc4 7. Qc2 a6 8. a4 Bd7 9. Qxc4 Bc6 10.
Bg5 a5 11. Nc3 Na6 12. Bxf6 Bxf6 13. e4 Nb4 14. Rfd1 g6 15. h4 b6 16. Rac1 Bb7 17.
e5 Bg7 18. Ng5 Bxg2 19. Kxg2 Qe7 20. Nce4 Rad8 21. Qxc7 Qxc7 22. Rxc7 h6 23. Nf3 Rd5 24.
Rb7 Nc6 25. Nc3 1-0

[Event "Late-Titled-Tuesday-Blitz-February-20-2024"]
[Site "Chess.com"]
[Date "2024.02.20"]
[Round "5"]
[White "JackRodgers"]
[Black "micke12a"]
[Result "1-0"]
[WhiteElo "2555"]
[BlackElo "2349"]
[TimeControl "180+1"]
[EndTime "14:53:21 PST"]
[Termination "JackRodgers won by resignation"]

1. d4 Nf6 2. Bg5 d5 3. Bxf6 exf6 4. e3 Bd6 5. g3 O-O 6. Bg2 Be6 7. c4 Bb4+ 8. Nc3 c6 9. cxd5 Bxd5 10. Nf3 Qa5 11. Qc2 c5 12. O-O Bc4 13. Rfd1 Nc6 14. Ne4 Bd5 15. a3 cxd4 16. axb4 Qxb4 17. Nxd4 Rac8 18.
Nxc6 Rxc6 19. Qd2 Qxd2 20. Rxd2 Bb3 21. Nc3 Ra6 22. Rxa6 bxa6 23. Bd5 Rd8 24. Bxf7+ Kxf7 25. Rxd8 1-0

[Event "Late-Titled-Tuesday-Blitz-February-20-2024"]
[Site "Chess.com"]
[Date "2024.02.20"]
[Round "5"]
[White "tptagain"]
[Black "Sanyura"]
[Result "1-0"]
[WhiteElo "2938"]
[BlackElo "2605"]
[TimeControl "180+1"]
[EndTime "14:53:27 PST"]
[Termination "tptagain won by resignation"]

1. Nf3 Nf6 2. d4 g6 3. Bg5 Bg7 4. Nbd2 O-O 5. e4 d6 6. h3 Nbd7 7. Bd3 e5 8. c3 c6 9. O-O h6 10. Be3 exd4 11. cxd4 Re8 12. Bf4 Nf8 13. Re1 Ne6 14.
Bh2 Nh5 15. Nb3 a5 16. a4 d5 17. e5 Qb6 18. Bc2 c5 19. dxc5 Nxc5 20. Nxc5 Qxc5 21. g4 d4 22. gxh5 Bxh3 23. hxg6 Rad8 24. gxf7+ Kxf7 25. Bb3+ Kf8 26. Nh4 Qb6 1-0

[Event "Late-Titled-Tuesday-Blitz-February-20-2024"]
[Site "Chess.com"]
[Date "2024.02.20"]
[Round "5"]
[White "s-dshubin"]
[Black "jinxy2009"]
[Result "0-1"]
[WhiteElo "2347"]
[BlackElo "2198"]
[TimeControl "180+1"]
[EndTime "14:53:28 PST"]
[Termination "jinxy2009 won by checkmate"]

1. e4 c6 2. d4 d5 3. Nc3 dxe4 4. Nxe4 Nf6 5. Nxf6+ exf6 6. c3 Bd6 7. Bd3 O-O 8.
Qf3 Re8+ 9. Ne2 Nd7 10. O-O Nf8 11. Bf4 Bxf4 12. Nxf4 Ng6 13. Nxg6 hxg6 14. Rfe1 Be6 15. b3 f5 16. Bc4 Bxc4 17. bxc4 Qa5 18. Re3 Re4 19. Rxe4 fxe4 20. Qxe4 Qxc3 21. Re1 Qxc4 22. h4 Rd8 23. Qe7 Rxd4 24. Qxb7 Rxh4 25. Qxa7 Rh5 26.
g3 Qd5 27. Kf1 Qf3 28. Re8+ Kh7 29. Ke1 Rh1+ 30. Kd2 Rd1+ 31. Kc2 Qd3+ 32. Kb2 Rb1# 0-1

[Event "Late-Titled-Tuesday-Blitz-February-20-2024"]
[Site "Chess.com"]
[Date "2024.02.20"]
[Round "5"]
[White "PNEPaul"]
[Black "Pachonpower"]
[Result "0-1"]
[WhiteElo "1979"]
[BlackElo "2316"]
[TimeControl "180+1"]
[EndTime "14:53:29 PST"]
[Termination "Pachonpower won by resignation"]

1. e4 c5 2. d4 cxd4 3. c3 g6 4. Nf3 Bg7 5. Bc4 Nc6 6. Bg5 Qa5 7. O-O h6 8. Bh4 Qh5 9. Bg3 d6 10. cxd4 Bg4 11. Be2 Nf6 12. h3 Bxf3 13. Bxf3 Qb5 14. e5 dxe5 15. Bxc6+ bxc6 16. dxe5 Ne4 17. e6 fxe6 18.
Nc3 Bxc3 19. bxc3 O-O 20. Qc2 Qf5 21. Qa4 c5 22. Qc4 Qd5 23. Qxd5 exd5 24. Be5 Rf5 25. f4 Raf8 26. Rfd1 e6 27. Rab1 Rxe5 28. fxe5 Nxc3 0-1

[Event "Late-Titled-Tuesday-Blitz-February-20-2024"]
[Site "Chess.com"]
[Date "2024.02.20"]
[Round "5"]
[White "Firouzja2003"]
[Black "rezamahdavi2008"]
[Result "1-0"]
[WhiteElo "3111"]
[BlackElo "2843"]
[TimeControl "180+1"]
[EndTime "14:53:30 PST"]
[Termination "Firouzja2003 won by resignation"]

1. d4 Nf6 2. e3 g6 3. Ne2 Bg7 4. c4 d6 5. Nbc3 O-O 6. g3 Nc6 7. Bg2 e5 8. O-O Re8 9. h3 exd4 10. exd4 Bf5 11. g4 Bd7 12. Ng3 h6 13. Be3 Ne7 14. Qd2 Kh7 15. Bxb7 Rb8 16. Bg2 c6 17. Bf4 Be6 18.
d5 cxd5 19. cxd5 Bc8 20. Rfe1 Ba6 21. Rac1 Qb6 22. b3 Rbc8 23. Nge4 Nxe4 24. Nxe4 Rxc1 25.
Rxc1 Rd8 26. Be3 Qb7 27. Qa5 Rd7 28. Bf4 Nc8 29. Rc6 Bd3 30. Nxd6 Nxd6 31. Bxd6 Qa8 32. Bf4 Qe8 33. Qd2 Bb5 34. Rc7 Rxc7 35. Bxc7 Bd7 36.
Qe3 1-0

[Event "Late-Titled-Tuesday-Blitz-February-20-2024"]
[Site "Chess.com"]
[Date "2024.02.20"]
[Round "5"]
[White "EcosseKillie"]
[Black "Muracle"]
[Result "0-1"]
[WhiteElo "2170"]
[BlackElo "2475"]
[TimeControl "180+1"]
[EndTime "14:53:33 PST"]
[Termination "Muracle won by resignation"]

1. d4 Nf6 2. Bg5 e6 3. e4 h6 4. Bxf6 Qxf6 5. c3 d5 6. Nd2 c5 7.
e5 Qd8 8. Ngf3 Nc6 9. a3 Qb6 10. b4 cxd4 11. cxd4 Nxd4 12. Nxd4 Qxd4 13. Bb5+ Bd7 14.
Bxd7+ Kxd7 15. Qa4+ Kd8 16. Rc1 Qxe5+ 17. Kf1 Qd4 18. Nf3 Qd3+ 19. Kg1 Bd6 20. Rd1 Qa6 21. Qb3 Rc8 22. g3 Qc4 23. Qe3 Ke7 24. Kg2 b6 25.
Nd4 Kd7 26. Rhe1 Rhe8 27. Rc1 Qa6 28. b5 Qxa3 29. Qf4 Bxf4 0-1

[Event "Late-Titled-Tuesday-Blitz-February-20-2024"]
[Site "Chess.com"]
[Date "2024.02.20"]
[Round "5"]
[White "ural58"]
[Black "mjelcic"]
[Result "1-0"]
[WhiteElo "2498"]
[BlackElo "2237"]
[TimeControl "180+1"]
[EndTime "14:53:41 PST"]
[Termination "ural58 won by resignation"]

1. e4 g6 2. d4 Bg7 3. Nc3 d6 4. Be3 Nf6 5. Nf3 Nbd7 6. Qd2 O-O 7. h4 h5 8. Ng5 Ng4 9. Bf4 e5 10. dxe5 dxe5 11. Bg3 Nc5 12. Qxd8 Rxd8 13. Bc4 Ne6 14. Nxe6 Bxe6 15. Bxe6 fxe6 16. Ke2 Rd4 17. f3 Nh6 18. Bf2 Rd7 19. Rad1 Rad8 20. Rxd7 Rxd7 21. Bxa7 b6 22. Rd1 Rxd1 23. Kxd1 Bf6 24. Nb5 Bd8 25. Bb8 c6 26.
Na7 Nf7 27. Nxc6 Bxh4 28. Nxe5 Bg3 29. Nxf7 Bxb8 30. Ng5 Be5 31. c3 h4 32. Nxe6 Kf7 33. Nd8+ Kf6 34. Nc6 Bc7 35. Ke2 Kg5 36. Nd4 Bb8 37. a4 Kf4 38. Kf2 g5 39. Ne6+ Ke5 40. Nxg5 Kf6 41. Nh3 Be5 42. f4 Bc7 43. Kf3 1-0

[Event "Late-Titled-Tuesday-Blitz-February-20-2024"]
[Site "Chess.com"]
[Date "2024.02.20"]
[Round "5"]
[White "Jadro9"]
[Black "TigrVShlyape"]
[Result "0-1"]
[WhiteElo "2631"]
[BlackElo "2924"]
[TimeControl "180+1"]
[EndTime "14:53:45 PST"]
[Termination "TigrVShlyape won by resignation"]

1. e4 c5 2. Nc3 e6 3. Nge2 a6 4. g3 b5 5. Bg2 Bb7 6. d4 cxd4 7.
Nxd4 Nc6 8. Nxc6 Bxc6 9. O-O Ne7 10.
Be3 Ng6 11. f4 Qc7 12. Qd4 Rc8 13. a3 Bb7 14. Rad1 f6 15. f5 Ne5 16. fxe6 dxe6 17. Bh3 Kf7 18. Qb6 Qxb6 19. Bxb6 Bxa3 20. bxa3 Rxc3 21. Rd6 Re8 22. Bg2 Rxc2 23. Bd4 Nc4 24. Rd7+ Re7 25. Rd8 Rd2 26. a4 e5 27. Bb6 Rxg2+ 28. Kxg2 Bxe4+ 29. Kf2 Nxb6 30. axb5 axb5 31. Rb8 0-1

[Event "Late-Titled-Tuesday-Blitz-February-20-2024"]
[Site "Chess.com"]
[Date "2024.02.20"]
[Round "5"]
[White "harkow"]
[Black "cthake"]
[Result "1-0"]
[WhiteElo "2431"]
[BlackElo "1803"]
[TimeControl "180+1"]
[EndTime "14:53:45 PST"]
[Termination "harkow won on time"]

1. d4 Nf6 2. Bg5 b6 3. Bxf6 gxf6 4. Nf3 Bb7 5. g3 d6 6. Bg2 Qd7 7. Nc3 Nc6 8. h4 e6 9. Qd2 h5 10. O-O-O Bh6 11. e3 f5 12. Kb1 O-O-O 13. Qe2 d5 14.
Rc1 Bf8 15. a3 a5 16. Nd2 Kb8 17. Bf3 Ka7 18. Bxh5 Ba6 19. Qd1 Bd6 20. Be2 Rb8 21.
Nb5+ Bxb5 22. Bxb5 Kb7 23. c4 Qe7 24. cxd5 Na7 25.
Qb3 Nxb5 26. Qxb5 Rhc8 27. Nc4 1-0

[Event "Late-Titled-Tuesday-Blitz-February-20-2024"]
[Site "Chess.com"]
[Date "2024.02.20"]
[Round "5"]
[White "Jospem"]
[Black "IMRosen"]
[Result "1-0"]
[WhiteElo "3092"]
[BlackElo "2691"]
[TimeControl "180+1"]
[EndTime "14:53:48 PST"]
[Termination "Jospem won by checkmate"]

1. e4 c5 2. Nf3 Nc6 3. c3 d5 4. exd5 Qxd5 5. d4 e6 6. Be3 cxd4 7. cxd4 Nf6 8. Nc3 Qd6 9. Bd3 Be7 10. Rc1 O-O 11. O-O Nb4 12. Bb1 Nbd5 13. Ne5 b6 14. Nxd5 Nxd5 15. Qd3 g6 16. Bh6 Rd8 17. Qf3 f6 18. Bxg6 hxg6 19. Qg4 Nf4 20. Bxf4 g5 21. Qh5 fxe5 22. Qg6+ Kf8 23. Bxe5 Qxe5 24. dxe5 Bb7 25. f4 g4 26. f5 Rd3 27. fxe6+ Bf3 28. Qf7# 1-0

[Event "Late-Titled-Tuesday-Blitz-February-20-2024"]
[Site "Chess.com"]
[Date "2024.02.20"]
[Round "5"]
[White "SharathRk6"]
[Black "Fh2411"]
[Result "0-1"]
[WhiteElo "2394"]
[BlackElo "2597"]
[TimeControl "180+1"]
[EndTime "14:53:49 PST"]
[Termination "Fh2411 won by resignation"]

1. e4 c5 2. Nf3 e6 3. d4 cxd4 4. Nxd4 a6 5. Nc3 Qc7 6. Be3 Bb4 7. Qd2 Nf6 8. f3 d5 9. Bd3 e5 10. Nb3 d4 11. Nxd4 exd4 12. Bxd4 Nc6 13. Bxf6 gxf6 14. a3 Bxc3 15. Qxc3 Qe5 16. Qb3 Qe7 17. O-O-O Be6 18. Qa4 Qc7 19. Rhf1 O-O-O 20. f4 Rd4 21. c4 Rhd8 22.
Qc2 Bg4 23. Rd2 Qd7 24. h3 Bh5 25. g4 Rxd3 26. Rxd3 Qxd3 27. Qxd3 Rxd3 28. gxh5 Rxh3 29. Rg1 Rxh5 30. Rg7 Nd8 31. Kc2 Rh4 32. Kd3 Rxf4 33. Rxh7 Kd7 34. b4 Ke7 35. Kd4 Ne6+ 36. Kd5 Rf3 37.
e5 fxe5 38. a4 Ra3 39. a5 Rb3 40. Kxe5 Rxb4 41. Kd5 Ra4 0-1

[Event "Late-Titled-Tuesday-Blitz-February-20-2024"]
[Site "Chess.com"]
[Date "2024.02.20"]
[Round "5"]
[White "stollenmonster"]
[Black "jefferyx"]
[Result "0-1"]
[WhiteElo "2864"]
[BlackElo "3025"]
[TimeControl "180+1"]
[EndTime "14:53:50 PST"]
[Termination "jefferyx won by resignation"]

1. e4 c5 2. Nf3 d6 3. d4 cxd4 4. Nxd4 Nf6 5. Nc3 a6 6. a4 e5 7. Nde2 Be7 8. g3 h5 9. h3 Be6 10. Bg2 Qc8 11. a5 O-O 12. Nd5 Nxd5 13. exd5 Bf5 14.
Nc3 Nd7 15. Qxh5 Bxc2 16. O-O b5 17. axb6 Nxb6 18. Ne4 Nxd5 19. Bg5 Bxg5 20. Nxg5 Nf6 21. Qh4 Qf5 22. Ra5 d5 23. f4 e4 24. g4 Qd7 25.
Rc1 Rfc8 26. Qf2 Bd3 27. Rxc8+ Rxc8 28. Qd4 Qd6 29. Qe5 Qb6+ 0-1

[Event "Late-Titled-Tuesday-Blitz-February-20-2024"]
[Site "Chess.com"]
[Date "2024.02.20"]
[Round "5"]
[White "Viktor_Poddubnyi"]
[Black "Zq1"]
[Result "0-1"]
[WhiteElo "2268"]
[BlackElo "2485"]
[TimeControl "180+1"]
[EndTime "14:53:50 PST"]
[Termination "Zq1 won by resignation"]

1. e4 c5 2. Nf3 d6 3. d4 cxd4 4.
Nxd4 Nf6 5. Nc3 Nc6 6. Bc4 Bd7 7. Be3 Ng4 8. Nxc6 bxc6 9. O-O Nxe3 10. fxe3 e6 11.
Qf3 Qf6 12. Qxf6 gxf6 13. Rxf6 Bg7 14. Rf3 Rb8 15. Bb3 Ke7 16. Raf1 Rhf8 17. Nd1 a5 18. c3 c5 19. Bc4 Be5 20. Rh3 Rh8 21. Rhf3 Be8 22.
g3 h5 23. h3 Rg8 24. Kg2 Rg7 25. R3f2 Bc6 26. Rf3 Bxe4 0-1

[Event "Late-Titled-Tuesday-Blitz-February-20-2024"]
[Site "Chess.com"]
[Date "2024.02.20"]
[Round "5"]
[White "Bryanl106"]
[Black "Iuckyducky"]
[Result "1-0"]
[WhiteElo "2526"]
[BlackElo "2312"]
[TimeControl "180+1"]
[EndTime "14:53:51 PST"]
[Termination "Bryanl106 won on time"]

1. e4 c5 2. Nf3 Nc6 3. d4 cxd4 4. Nxd4 Nf6 5. Nc3 e5 6. Ndb5 d6 7. Bg5 a6 8. Na3 b5 9. Nd5 Be7 10. Bxf6 Bxf6 11. c3 Rb8 12. Nc2 O-O 13. a4 bxa4 14. Ncb4 Nxb4 15. cxb4 Bg5 16. Rxa4 a5 17. b5 Bd7 18.
Qb3 Qc8 19. Bc4 Bxb5 20. Bxb5 Qc1+ 21. Qd1 Rxb5 22. O-O Qxb2 23. Qg4 Bh6 24. Rc4 Rc5 25. Rxc5 dxc5 26. Ne7+ Kh8 27. Nf5 Qb6 28. h4 Qg6 29. Qe2 Bf4 30. g3 Rd8 31. Rd1 Rxd1+ 32. Qxd1 1-0

[Event "Late-Titled-Tuesday-Blitz-February-20-2024"]
[Site "Chess.com"]
[Date "2024.02.20"]
[Round "5"]
[White "RichardShtivelband"]
[Black "VinzentSpitzl"]
[Result "0-1"]
[WhiteElo "2347"]
[BlackElo "2547"]
[TimeControl "180+1"]
[EndTime "14:53:55 PST"]
[Termination "VinzentSpitzl won by resignation"]

1. e4 c5 2. Nf3 d6 3. d4 cxd4 4. Nxd4 Nf6 5. Nc3 a6 6. Be3 e5 7. Nb3 Be7 8. f3 Be6 9. Qd2 h5 10. Nd5 Nxd5 11. exd5 Bf5 12. c4 Nd7 13. Be2 a5 14. O-O O-O 15. Rae1 Bg6 16. f4 a4 17. Nc1 exf4 18. Bxf4 Nc5 19. Nd3 Ne4 20. Qe3 Bf6 21.
Bf3 Re8 22. Bxe4 Rxe4 23. Qg3 Qb6+ 24. Kh1 Rd8 25. Be3 Qa6 26. b3 axb3 27. axb3 Rg4 28. Ra1 0-1

[Event "Late-Titled-Tuesday-Blitz-February-20-2024"]
[Site "Chess.com"]
[Date "2024.02.20"]
[Round "5"]
[White "DefiantChair"]
[Black "Shtembuliak"]
[Result "0-1"]
[WhiteElo "2604"]
[BlackElo "2862"]
[TimeControl "180+1"]
[EndTime "14:54:01 PST"]
[Termination "Shtembuliak won by checkmate"]

1. e4 d6 2. d4 g6 3. Nc3 Bg7 4. f4 a6 5. Nf3 Nd7 6. Bd3 c5 7. Be3 cxd4 8. Nxd4 Ngf6 9. Qe2 O-O 10. O-O-O Qc7 11. Nf3 b5 12. a3 Bb7 13. Bd4 e5 14. fxe5 dxe5 15. Bf2 Rac8 16. Kb1 Nc5 17. Bg3 Nh5 18.
Qe3 Nf4 19. Bf1 Na4 20. Be1 Rfd8 21. Rxd8+ Rxd8 22. g3 Nxc3+ 23. Bxc3 Rd1+ 24. Ka2 Nd5 25. exd5 Bxd5+ 26. b3 e4 27. Bc4 Rxh1 28. Bxg7 bxc4 29.
Bh6 cxb3+ 30. cxb3 Qc2# 0-1

[Event "Late-Titled-Tuesday-Blitz-February-20-2024"]
[Site "Chess.com"]
[Date "2024.02.20"]
[Round "5"]
[White "Doublekk14"]
[Black "MathiasWomacka"]
[Result "0-1"]
[WhiteElo "2304"]
[BlackElo "2509"]
[TimeControl "180+1"]
[EndTime "14:54:01 PST"]
[Termination "MathiasWomacka won on time"]

1. c4 c5 2. Nc3 Nf6 3. Nf3 e6 4. e3 d5 5. d4 Nc6 6. Be2 dxc4 7. Bxc4 a6 8. a4 cxd4 9. exd4 Be7 10. O-O O-O 11. h3 b6 12. Bf4 Bb7 13. Re1 Rc8 14. Ba2 Nb4 15. Bb1 Nfd5 16. Bd2 Bf6 17. Ne5 g6 18.
Ne4 Bg7 19. Qf3 Nc6 20. Qg3 Nxd4 21. Bg5 f6 22. Bxf6 Nxf6 23. Nxg6 hxg6 24. Qxg6 Nxe4 25. Bxe4 Bxe4 26. Rxe4 Qf6 0-1